 Dungeon Crawl Stone Soup version 0.26.1-11-gd32895ea62 (webtiles) character file.

Game seed: 11107330718932070043

223 ABBCCCDDDD the Cudgeller (level 6, -6/37 HPs)
             Began as a Kobold Berserker on July 8, 2021.
             Was a Believer of Trog.
             Killed by divine providence
             ... invoked by an orc priest
              (15 damage)
             ... on level 3 of the Dungeon.
             The game lasted 00:03:12 (2960 turns).

ABBCCCDDDD the Cudgeller (Kobold Berserker)         Turns: 2960, Time: 00:03:12

Health: -6/37      AC:  5    Str: 17    XL:     6   Next: 20%
Magic:  6/6        EV: 17    Int:  8    God:    Trog [**....]
Gold:   243        SH:  5    Dex: 14    Spells: 5/5 levels left

rFire    x . .     SeeInvis .   a - +0 mace
rCold    + . .     Faith    .   p - +0 buckler (curse)
rNeg     . . .     Spirit   .   g - +0 ring mail
rPois    .         Reflect  .   (no helmet)
rElec    .         Harm     .   (no cloak)
rCorr    .         Rampage  .   (no gloves)
Will     ++...                  (no boots)
Stlth    ++........             (no amulet)
HPRegen  1.12/turn              k - ring of ice
MPRegen  0.10/turn              j - +4 ring of evasion

@: berserk cooldown, regenerating, slowed, very slow
A: small, nightstalker 3
a: Renounce Religion, Berserk, Trog's Hand


You were on level 3 of the Dungeon.
You worshipped Trog.
Trog was pleased with you.
You visited 1 branch of the dungeon, and saw 3 of its levels.

You collected 243 gold pieces.

Inventory:

Hand Weapons
 a - a +0 mace (weapon)
Missiles
 u - 2 throwing nets
Armour
 b - a +0 animal skin
 g - a +0 ring mail (worn)
 p - a cursed +0 buckler (worn)
Jewellery
 f - an uncursed ring of fire
 j - a +4 ring of evasion (right hand)
 k - a ring of ice (left hand)
 r - an uncursed ring of ice
Scrolls
 c - 3 scrolls of fear
 d - a scroll of remove curse
 h - a scroll of enchant armour {unknown}
 n - a scroll of magic mapping {unknown}
 t - 2 scrolls of identify
 v - a scroll of fog {unknown}
Potions
 e - 2 potions of heal wounds {unknown}
 l - a potion of cancellation
 m - a potion of ambrosia
 o - a potion of resistance {unknown}
 q - a potion of might {unknown}
 s - a potion of lignification {unknown}
 w - 2 potions of attraction {unknown}


   Skills:
 - Level 3.2 Fighting
 + Level 4.8 Maces & Flails
 - Level 1.5 Armour
 - Level 2.4 Dodging
 * Level 2.8 Shields


You had 5 spell levels left.
You didn't know any spells.
Your spell library was empty.

Dungeon Overview and Level Annotations

Branches:
Dungeon (3/15)

Altars:


Innate Abilities, Weirdness & Mutations

You are small and have problems with some larger weapons.
You are completely attuned to the shadows.


Message History

You block the orc priest's attack.
You hit the orc priest.
The orc priest is almost dead.
Your skin stops crawling.
You feel less strong-willed. The rat barely misses you.
The orc completely misses you. The orc priest misses you.
The rat barely misses you. The orc hits you.
Your skin crawls.
You feel strong-willed.
The orc priest mumbles some strange prayers to Beogh against you.
Beogh smites you!
* * * LOW HITPOINT WARNING * * *
The rat bites you but does no damage. The orc completely misses you.
The orc priest invokes the aid of Beogh against you.
Beogh smites you!
* * * LOW HITPOINT WARNING * * *
The rat closely misses you.
You feel better. The orc completely misses you.
The orc priest invokes the aid of Beogh against you.
Beogh smites you!
You die...

#.))##.# #.....
#)..##.#####.###.
##<###.......# #.
#################. #
#...†.............
#.#.################
##=#.#... ...r[)...
##.#@o.## #.#o### #
.{o ..... .......


You could see an orc priest, 2 orcs and a rat.

Vanquished Creatures
  A bullfrog (D:3)
  An orc priest (D:3)
  Jessica (D:3)
  4 gnolls (D:3)
  An adder (D:2)
  3 worms
  2 dart slugs
  2 leopard geckos
  A giant cockroach (D:1)
  8 goblins
  4 hobgoblins
  2 quokkas (D:2)
  6 bats
  2 frilled lizards (D:2)
  5 kobolds
  4 rats
47 creatures vanquished.

Vanquished Creatures (others)
  6 plants (D:2)
  5 toadstools (D:2)
11 creatures vanquished.

Grand Total: 58 creatures vanquished

Notes
Turn   | Place    | Note
-------+----------+-------------------------------------------
     0 | D:1      | ABBCCCDDDD the Kobold Berserker began the quest for the
                  | Orb.
     0 | D:1      | Reached XP level 1. HP: 14/14 MP: 1/1
   422 | D:1      | Reached skill level 3 in Maces & Flails
   426 | D:1      | Reached XP level 2. HP: 19/19 MP: 2/2
  1153 | D:2      | Reached XP level 3. HP: 20/23 MP: 3/3
  1338 | D:2      | Reached skill level 4 in Maces & Flails
  1608 | D:2      | Reached ** piety under Trog
  1841 | D:2      | Reached XP level 4. HP: 20/28 MP: 4/4
  2495 | D:3      | Reached skill level 1 in Shields
  2651 | D:3      | Reached XP level 5. HP: 23/32 MP: 5/5
  2798 | D:3      | Noticed a bullfrog
  2808 | D:3      | Killed a bullfrog
  2937 | D:3      | Noticed Jessica
  2944 | D:3      | Killed Jessica
  2945 | D:3      | Reached XP level 6. HP: 37/37 MP: 6/6
  2960 | D:3      | Killed from afar by an orc priest

Illustrated notes

Levels and vault maps discovered:
D:1:      evilmike_arrival_rings, layout_basic, corexii_corridor_pit,
          chequers_garden, hex_intersection, minmay_misc_feat_rugged
D:2:      layout_basic, minmay_gold_behind_fungi, kennysheep_boxes
D:3:      layout_basic, makhleb_grotto_becter, okawaru_trees_2, uniq_jessica

Skill      XL: |  1  2  3  4  5 |
---------------+----------------+-----
Maces & Flails | 3 4 |  4.8
Shields        | 1 2 |  2.8
Fighting       | |  3.2
Armour         | |  1.5
Dodging        | |  2.4

Action                   |  1- 3 |  4- 6 || total
-------------------------+-------+-------++-------
Melee: Mace              |   102 |    66 ||   168
Invok: Berserk           |       |     2 ||     2
       Trog's Hand       |       |     2 ||     2
  Use: Scroll            |     6 |       ||     6
       Potion            |       |     1 ||     1
 Stab: Sleeping          |     4 |     1 ||     5
Armor: Ring mail         |    19 |    10 ||    29
       Animal skin       |     1 |       ||     1
Dodge: Dodged            |    79 |    90 ||   169
Block: Buckler           |     1 |    19 ||    20
